 Dungeon Sprint DCSS version 0.17-a0-1920-gafa4d75 (webtiles) character file.

0 kosy22 the Ruffian (level 2, -9/31 HPs)
             Began as a Troll Berserker on Sept 27, 2015.
             Was a Believer of Trog.
             Mangled by Sigmund
             ... wielding a +0 scythe
              (11 damage)
             ... in the Dungeon (Sprint VI: "Thunderdome").
             The game lasted 00:01:02 (110 turns).

kosy22 the Ruffian (Troll Berserker)                 Turns: 110, Time: 00:01:02

Health: -9/31      AC:  5    Str: 24    XL:     2   Next: 65%
Magic:  1/1        EV: 10    Int:  3    God:    Trog [**....]
Gold:   0          SH:  0    Dex:  9    Spells: 0 memorised, 1 level left

rFire  . . .     SeeInvis .       - Unarmed
rCold  . . .     Clarity  .     a - +0 animal skin
rNeg   . . .     SustAt   .     (no shield)
rPois  .         Gourm    +     (helmet restricted)
rElec  .         Spirit   .     (no cloak)
rCorr  .         Warding  .     (gloves unavailable)
rMut   .         NoTele   +     (boots unavailable)
MR     ++...                    (no amulet)
Stlth  +.........               (no ring)
                                (no ring)

@: regenerating, very resistant to hostile enchantments, very unstealthy
A: unfitting armour, claws 3, fast metabolism 3, gourmand, regeneration 2,
shaggy fur 1, tough skin 2
a: Burn Spellbooks, Berserk, Trog's Hand, Renounce Religion


You were in the Dungeon.
You worshipped Trog.
Trog was pleased with you.
You were not hungry.

You visited 1 branch

Inventory:

Armour
 a - a +0 animal skin (worn)
Scrolls
 h - a scroll of blinking
Potions
 c - a potion of curing
 d - a potion of heal wounds
 e - a potion of haste
 f - 2 potions of magic
 g - a potion of berserk rage
Comestibles
 b - 2 bread rations


   Skills:
 + Level 3.5 Fighting
 + Level 3.5 Dodging
 + Level 4.2 Unarmed Combat


You had one spell level left.
You didn't know any spells.

Dungeon Overview and Level Annotations

Branches:
Dungeon (1/1)

Altars:
Cheibriados
Dithmenos
Fedhas
Gozag
Kikubaaqudgha
Makhleb
Okawaru
Qazlal
Ru
Sif Muna
Trog
Vehumet
Xom
Yredelemnul
Zin
The Shining One
Jiyva
Lugonu

Shops:
D *[%??*?*:[((!!!!

Annotations:
D Sigmund


Innate Abilities, Weirdness & Mutations

You are too large for most types of armour.
You have claws for hands.
Your metabolism is lightning-fast.
You like to eat raw meat.
You heal very quickly.
You are covered in fur (AC +1).
You have very tough skin (AC +2).


Message History

You feel slightly more hungry. Something hits you! Something hits you!
* * * LOW HITPOINT WARNING * * *
A magic dart appears from out of thin air!
The magic dart hits you!
Found an ancient bone altar of Kikubaaqudgha and a viscous altar of Jiyva.
Found Culysuej's Distillery and Wuerufit's Do-It-Yourself Clinic.
Found a corrupted altar of Lugonu.
Something hits you!
* * * LOW HITPOINT WARNING * * *
Found Hastauro's Distillery and Feffuuna's Bottled Wisdom.
You scratch something but do no damage.
You hear some strange, mumbled words.
A magic dart appears from out of thin air!
The magic dart hits you!
* * * LOW HITPOINT WARNING * * *
You scratch something.
You feel the effects of Trog's Hand fading.
Something hits you!
You die...

#_........# #_......._#
#_......._#
###.........###
#⌠...........⌠#
######.8.).......8.######
#∩_......).###......___∩#
∩........8.# #.8........∩
......†....###..@........
........###...###........
........# #.<.# #........
........###...###........
...........###...........
∩........8.# .8........∩
#∩.__......###.......__∩#
######.8.........8.######
#⌠...........⌠#


There were no monsters in sight!

Vanquished Creatures
  2 gnolls (D)
  A rat (D)
3 creatures vanquished.

Notes
Turn   | Place    | Note
--------------------------------------------------------------
     0 | D        | kosy22 the Troll Berserker began the quest for the Orb.
     0 | D        | Reached XP level 1. HP: 22/22 MP: 0/0
     1 | D        | Found a glowing silver altar of Zin.
     3 | D        | Found a blossoming altar of Fedhas.
     3 | D        | Found a sacrificial altar of Ru.
     4 | D        | Found a snail-covered altar of Cheibriados.
     4 | D        | Found a glowing golden altar of the Shining One.
     5 | D        | Found an iron altar of Okawaru.
     5 | D        | Round 1.
     6 | D        | Found a deep blue altar of Sif Muna.
     6 | D        | Found Niurabr Poopp's Premium Goods.
     6 | D        | Found Fehulof's Weapon Rack.
     7 | D        | Found Vuduatagge's Miscellaneous Merchandise.
     7 | D        | Found Pisapteyvu's Basic Armour.
    23 | D        | Found Osukhlox's Identification Station.
    25 | D        | Found Qedof's Advanced Armour.
    25 | D        | Found Suezer's Jewellery.
    26 | D        | Found a shimmering altar of Xom.
    26 | D        | Found Goelaz's Bee Food.
    42 | D        | Found a basalt altar of Yredelemnul.
    45 | D        | Found a shadowy altar of Dithmenos.
    50 | D        | Found an opulent altar of Gozag.
    51 | D        | Found Hioxkesh's Magic Scroll Shop.
    53 | D        | Found Daaf Peny's Magic Scroll Shop.
    53 | D        | Found Dituecze's Must-Have Magic.
    57 | D        | Reached XP level 2. HP: 24/31 MP: 1/1
    58 | D        | Found a burning altar of Makhleb.
    58 | D        | Found a stormy altar of Qazlal.
    58 | D        | Found Nayferov's Staff Store.
    59 | D        | Acquired Trog's second power
    59 | D        | Reached skill level 4 in Unarmed Combat
    64 | D        | Found a bloodstained altar of Trog.
    66 | D        | Found a radiant altar of Vehumet.
    93 | D        | Noticed Sigmund
   105 | D        | Found an ancient bone altar of Kikubaaqudgha.
   105 | D        | Found a viscous altar of Jiyva.
   106 | D        | Found Culysuej's Distillery.
   106 | D        | Found a corrupted altar of Lugonu.
   106 | D        | Found Wuerufit's Do-It-Yourself Clinic.
   107 | D        | Found Hastauro's Distillery.
   107 | D        | Found Feffuuna's Bottled Wisdom.
   109 | D        | HP: 1/31 [something/magic dart (4)]
   110 | D        | Mangled by Sigmund

Vault maps used:
D:        arena_sprint

Action                   || total
-------------------------++-------
Melee: Unarmed           ||     9
Invok: Trog's Hand       ||     1
